AoeStats
← 从不压堡之人

Arena

508205352Analyzed
4v4 RM · 11d ago on Sep 21, 2026· 46m 42s· 8 players
Game mode
Random Map
Map size
Large (8 player)
Population
200
Speed
Normal
Resources
Standard
Victory
Conquest
Starting age
Dark Age
Ending age
Imperial Age
RankedLock teamsTeams togetherTeam positionsShared explorationLock speedFull tech treeHidden civsTurbo modeCheats
Victory
Defeat
🇨🇳 Bengalis · China
1568
+4
🇨🇳 Bohemians · China
1230
+14
🇨🇳 Spanish · China
1079
+19
1037
+21
1211
-15
🇨🇳 Teutons · China
1202
-15
🇨🇳 Bohemians · China
1183
-14
🇨🇳 Jurchens · China
1176
-14
Parachutes
12:03 Feudal Age
13:37 Double-Bit Axe
16:10 Castle Age
14:42 Horse Collar
15:09 Scale Barding Armor
16:39 Forging
17:23 Bloodlines
24:09 Wheelbarrow
27:06 Devotion
27:39 Hand Cart
27:23 Gold Mining
28:51 Gold Shaft Mining
31:26 Imperial Age
29:46 Loom
29:46 Town Watch
30:04 Husbandry
29:54 Light Cavalry
31:01 Chain Barding Armor
31:16 Iron Casting
30:52 Treadmill Crane
32:02 Heavy Plow
32:14 Bow Saw
32:51 Town Patrol
32:49 Heavy Rocket Cart
33:14 Elite Steppe Lancer
34:37 Plate Barding Armor
35:02 Blast Furnace
34:43 Siege Engineers
35:42 Chemistry
35:49 Fortified Wall
36:01 Ballistics
36:52 Fletching
37:22 Hussar
𝓛𝓾𝓸
2:12 Loom
12:09 Feudal Age
18:15 Castle Age
17:45 Double-Bit Axe
19:13 Horse Collar
24:12 Bow Saw
26:38 Heavy Plow
28:48 Wheelbarrow
31:11 Chemistry
33:18 Imperial Age
32:31 Treadmill Crane
33:35 Padded Archer Armor
33:26 Fletching
33:50 Elite Skirmisher
34:43 Light Cavalry
39:56 Husbandry
42:02 Scale Mail Armor
42:12 Forging
42:21 Fortified Wall
45:11 Chain Mail Armor
leesean
10:13 Feudal Age
14:43 Castle Age
14:24 Stone Mining
15:13 Loom
17:01 Double-Bit Axe
20:51 Horse Collar
23:03 Gold Mining
26:50 Imperial Age
26:12 Fletching
26:58 Town Watch
28:33 Chemistry
28:40 Wheelbarrow
28:42 Bow Saw
33:45 Fortified Wall
35:52 Padded Archer Armor
35:49 Bodkin Arrow
38:44 Elite Skirmisher
40:36 Heavy Scorpion
41:40 Hand Cart
42:51 Two-Man Saw
43:32 Ballistics
45:48 Leather Archer Armor
獒犬背刺 无名英雄
9:57 Feudal Age
11:01 Double-Bit Axe
10:57 Horse Collar
23:05 Castle Age
21:18 Gold Mining
21:31 Stone Mining
21:59 Forging
23:20 Wheelbarrow
23:52 Heavy Plow
24:03 Bow Saw
28:03 Imperial Age
26:22 Iron Casting
25:53 Scale Barding Armor
27:19 Gold Shaft Mining
28:01 Hand Cart
28:21 Elite Steppe Lancer
29:39 Bloodlines
31:36 Blast Furnace
30:57 Chain Barding Armor
33:07 Steppe Husbandry
洗心革面重新做人TownYan
8:57 Feudal Age
7:57 Loom
9:37 Double-Bit Axe
10:43 Horse Collar
12:21 Fletching
18:12 Stone Mining
19:48 Wheelbarrow
22:21 Castle Age
27:04 Imperial Age
25:15 Gold Mining
26:00 Redemption
26:31 Fervor
27:01 Sanctity
28:04 Block Printing
28:34 Theocracy
31:57 Hand Cart
34:10 Bow Saw
34:00 Heavy Plow
34:55 Illumination
34:44 Town Watch
39:36 Scale Barding Armor
39:41 Forging
41:48 Chain Barding Armor
42:04 Iron Casting
42:02 Conscription
42:01 Cavalier
43:07 Bloodlines
43:02 Paladin
45:38 Plate Barding Armor
46:03 Blast Furnace
46:04 Crenellations
45:48 Bodkin Arrow
46:56 Blast Furnace
从不压堡之人
10:32 Feudal Age
14:23 Castle Age
12:51 Double-Bit Axe
16:08 Bow Saw
17:25 Loom
22:38 Wheelbarrow
27:07 Imperial Age
25:43 Horse Collar
26:21 Gold Mining
28:48 Chemistry
27:52 Caravan
30:21 Stone Mining
31:12 Hand Cart
31:58 Two-Man Saw
31:12 Guilds
32:13 Block Printing
32:33 Theocracy
32:23 Illumination
32:19 Sanctity
32:09 Fervor
32:19 Sanctity
32:09 Fervor
32:00 Inquisition
32:22 Conscription
32:38 Padded Archer Armor
32:43 Scale Barding Armor
33:44 Redemption
34:29 Husbandry
34:40 Bloodlines
34:51 Chain Barding Armor
34:46 Leather Archer Armor
35:16 Supremacy
35:59 Fletching
36:30 Ballistics
36:06 Murder Holes
36:35 Elite Conquistador
39:15 Ring Archer Armor
39:21 Plate Barding Armor
38:42 Bodkin Arrow
43:28 Capped Ram
45:28 Bracer
45:03 Siege Ram
46:14 Forging
45:26 Light Cavalry
哪波你拉扯了
10:55 Feudal Age
14:58 Castle Age
13:10 Double-Bit Axe
13:08 Horse Collar
14:57 Wheelbarrow
16:41 Bow Saw
17:14 Heavy Plow
24:37 Stone Mining
24:37 Gold Mining
28:29 Imperial Age
25:47 Loom
26:43 Hand Cart
26:18 Town Watch
26:53 Fletching
27:05 Padded Archer Armor
26:47 Treadmill Crane
27:28 Ballistics
28:29 Gold Shaft Mining
28:12 Town Patrol
28:08 Bodkin Arrow
28:19 Scale Barding Armor
28:24 Forging
29:17 Bracer
29:32 Leather Archer Armor
30:20 Chemistry
30:26 Two-Man Saw
30:06 Crop Rotation
30:09 Caravan
30:20 Elite Elephant Archer
31:32 Ring Archer Armor
31:08 Husbandry
31:19 Bloodlines
31:32 Paiks
32:35 Mahayana
32:35 Conscription
32:46 Chain Barding Armor
33:01 Iron Casting
33:15 Masonry
33:00 Murder Holes
33:10 Siege Engineers
33:57 Iron Casting
33:25 Elite Battle Elephant
35:00 Plate Barding Armor
36:11 Blast Furnace
37:37 Architecture
37:17 Fortified Wall
37:37 Light Cavalry
38:19 Scale Mail Armor
43:54 Chain Mail Armor
43:02 Crossbowman
43:02 Elite Skirmisher
45:37 Siege Elephant
45:37 Onager
45:37 Heavy Scorpion
LLK是给
10:36 Feudal Age
11:28 Double-Bit Axe
14:46 Castle Age
15:47 Bow Saw
18:22 Horse Collar
20:50 Wheelbarrow
20:02 Loom
21:00 Heavy Plow
22:54 Hand Cart
23:49 Town Watch
27:21 Imperial Age
25:40 Scale Mail Armor
25:02 Pikeman
25:42 Squires
25:53 Forging
25:32 Arson
27:19 Chemistry
27:12 Chain Mail Armor
27:53 Iron Casting
28:54 Padded Archer Armor
28:16 Halberdier
30:28 Plate Mail Armor
31:22 Leather Archer Armor
32:08 Blast Furnace
31:14 Caravan
33:05 Ring Archer Armor
33:42 Two-Man Saw
34:34 Treadmill Crane
35:04 Masonry
34:59 Siege Engineers
34:49 Fletching
37:14 Bodkin Arrow
37:46 Fervor
39:57 Bracer
40:22 Ballistics
40:34 Architecture
41:55 Sanctity
44:06 Conscription
43:56 Wagenburg Tactics
43:57 Hussite Reforms
Connection lost

Rejoining the realm…

Still unreachable

The connection could not be restored.

Session expired

The server has moved on; the page needs a fresh start.